 Dungeon Crawl Stone Soup version 0.16.1-11-g651b585 (webtiles) character file.

191 abixa the Cudgeler (level 5, -2/54 HPs)
             Began as an Ogre Skald on Mar 31, 2015.
             Slain by a wolf (4 damage)
             ... on level 2 of the Dungeon.
             The game lasted 00:14:55 (3711 turns).

abixa the Cudgeler (Ogre Skald)                     Turns: 3711, Time: 00:14:56

Health: -2/54      AC:  3    Str: 17    XL:     5   Next: 70%
Magic:  9/9        EV:  9    Int: 11    God:
Gold:   124        SH:  0    Dex: 10    Spells: 3 memorised, 3 levels left

rFire  . . .     SeeInvis .     a - +0 morningstar
rCold  . . .     Clarity  .     l - +0 robe
rNeg   . . .     SustAb   .     (shield restricted)
rPois  +         Gourm    .     (helmet restricted)
rElec  .         Spirit   .     (no cloak)
rCorr  .         Warding  .     (gloves unavailable)
rMut   .         Stasis   .     (boots unavailable)
MR     .....                    (no amulet)
Stlth  +.........               (no ring)
                                g - ring of poison resistance

@: not resistant to hostile enchantments, very unstealthy
A: unfitting armour, tough skin 1
a: no special abilities


You were on level 2 of the Dungeon.
You were hungry.

You visited 1 branch of the dungeon, and saw 3 of its levels.

You collected 124 gold pieces.

Inventory:

Hand weapons
 a - a +0 morningstar (weapon)
 b - a +0 hunting sling
 n - a +0 blowgun
 u - a cursed -1 trident
Missiles
 h - 43 stones (quivered)
 r - 8 sling bullets
Armour
 l - a +0 robe (worn)
Jewellery
 g - a ring of poison resistance (left hand)
 w - a cursed ring of teleportation {unknown}
Magical devices
 q - a wand of polymorph (5)
Scrolls
 i - 3 scrolls of identify {unknown}
 j - a scroll of remove curse {unknown}
 o - 2 scrolls of amnesia {unknown}
 s - 2 scrolls of enchant armour {unknown}
 v - a scroll of fog {unknown}
Potions
 e - 5 potions of curing {unknown}
 f - a potion of mutation {unknown}
 k - a potion of brilliance {unknown}
 m - a potion of magic {unknown}
 p - 2 potions of heal wounds {unknown}
Books
 c - a book of Battle

   Spells                             Type                      Level
   a - Infusion                       Charms                       1
   b - Shroud of Golubria             Charms/Translocation         2
   c - Song of Slaying                Charms                       2
   d - Spectral Weapon                Hexes/Charms                 3
   e - Regeneration                   Charms/Necromancy            3
Comestibles
 d - 2 meat rations
 t - 3 fruits
 x - a chunk of flesh


   Skills:
 + Level 3.7 Fighting
 * Level 6.3 Maces & Flails
 - Level 0.7 Armour
 - Level 0.8 Dodging
 - Level 2.4 Spellcasting
 + Level 2.5 Charms
 + Level 0.9 Translocations


You had 3 spell levels left.
You knew the following spells:

 Your Spells              Type           Power        Failure   Level  Hunger
a - Infusion              Chrm           #.....       12%         1    ##.....
b - Song of Slaying       Chrm           #.......     17%         2    ###....
c - Shroud of Golubria    Chrm/Tloc      #.........   24%         2    ###....


Dungeon Overview and Level Annotations

Branches:
Dungeon (3/15)

Altars:

Annotations:
D:3 abixa's ghost, average HOBe


Innate Abilities, Weirdness & Mutations

You are too large for most types of armour.
You have tough skin (AC +1).


Message History

The quokka barely misses you.
The scorpion stings you but does no damage.
Evoke which item? (* to show all) (? for menu, Esc to quit)
Zapping:
q - a wand of polymorph {zapped: 6} (will waste charges)
Press: ? - help, Shift-Dir - straight line, f/p - scorpion
Aim: a scorpion (chance 46%)
The scorpion resists with some effort.
Evoking this partially-identified wand wasted a few charges.
The quokka closely misses you. The scorpion stings you!
* * * LOW HITPOINT WARNING * * *
Evoke which item? (* to show all) (? for menu, Esc to quit)
Zapping:
q - a wand of polymorph {zapped: 9} (will waste charges)
Press: ? - help, Shift-Dir - straight line, f/p - scorpion
Aim: a scorpion (chance 46%)
The scorpion evaporates and reforms as a wolf!
Evoking this partially-identified wand wasted a few charges.
The quokka bites you.
* * * LOW HITPOINT WARNING * * *
The wolf bites you.
You die...

.........)...##.####.# #.#
..###..#####.........# #.#
..# #..# ####.###.## #.# ###
#..# ##.###.######.# #..#
#.............#
#..#######..###.#####..#
#.....[.....# #.# #..#
#.########)####.# #..# #.#
#...<.h@r.# #..#
#.#####.##.###### #..#
#.......##.# #..#
#####..#######.# #..#
.......# #.# #..#
.......#######.##########..#
#####.......##.............#
##.####.##############.#
######.# #.# #.#


You could see a wolf and a quokka.

Vanquished Creatures
  A hound (D:3)
  Terence (D:2)
  5 adders (D:3)
  A giant mite (D:3)
  A worm (D:3)
  A giant gecko (D:1)
  10 orcs
  A ball python (D:1)
  13 bats
  7 giant cockroaches
  11 hobgoblins
  12 kobolds
  A quokka (D:3)
  A giant newt (D:2)
  4 goblins
  9 rats
79 creatures vanquished.

Notes
Turn   | Place    | Note
--------------------------------------------------------------
     0 | D:1      | abixa, the Ogre Skald, began the quest for the Orb.
     0 | D:1      | Reached XP level 1. HP: 22/22 MP: 3/3
    79 | D:1      | Reached skill level 3 in Maces & Flails
   175 | D:1      | Reached XP level 2. HP: 22/29 MP: 1/5
   289 | D:1      | Reached skill level 4 in Maces & Flails
   415 | D:1      | Learned a level 2 spell: Song of Slaying
   418 | D:1      | Learned a level 2 spell: Shroud of Golubria
   691 | D:1      | Reached XP level 3. HP: 32/36 MP: 3/6
  1070 | D:2      | Noticed Terence
  1084 | D:2      | HP: 1/36 [Terence/morningstar (9)]
  1085 | D:2      | Killed Terence
  1085 | D:2      | Reached skill level 5 in Maces & Flails
  1713 | D:2      | Reached XP level 4. HP: 44/44 MP: 6/8
  2588 | D:3      | Reached XP level 5. HP: 28/53 MP: 5/9
  2597 | D:3      | Noticed abixa's ghost (average HOBe)
  3067 | D:3      | Reached skill level 6 in Maces & Flails
  3711 | D:2      | Noticed a wolf
  3711 | D:2      | a scorpion changed into a wolf
  3711 | D:2      | HP: 2/54 [quokka (3)]
  3711 | D:2      | Slain by a wolf

Action                   |  1- 3 |  4- 6 || total
-------------------------+-------+-------++-------
Melee: Mace              |    86 |       ||    86
       Morningstar       |    26 |   121 ||   147
Throw: Stone             |    34 |    61 ||    95
 Cast: Infusion          |     9 |    13 ||    22
       Song of Slaying   |       |     2 ||     2
Evoke: Wand              |       |     4 ||     4
 Stab: Sleeping          |     1 |       ||     1
  Eat: Chunk             |     3 |     6 ||     9
